 Dungeon Crawl Stone Soup version 0.25-a0-663-gace7076 (webtiles) character file.

Game seed: 2432314335543425992, levelgen mode: deterministic

11 DrEnzyme the Ducker (level 2, -1/14 HPs)
             Began as a Spriggan Wanderer on Mar 23, 2020.
             Slain by a hobgoblin
             ... wielding a +0 mace
              (8 damage)
             ... on level 1 of the Dungeon.
             The game lasted 00:01:55 (843 turns).

DrEnzyme the Ducker (Spriggan Wanderer)              Turns: 843, Time: 00:01:55

Health: -1/14      AC:  2    Str:  7    XL:     2   Next: 13%
Magic:  6/6        EV: 18    Int: 16    God:
Gold:   12         SH:  0    Dex: 13    Spells: 6/6 levels left

rFire    . . .     SeeInvis +   h - +0 dagger
rCold    . . .     Gourm    .   (shield restricted)
rNeg     . . .     Faith    .   c - +0 robe
rPois    .         Spirit   .   (helmet restricted)
rElec    .         Reflect  .   (no cloak)
rCorr    .         Harm     .   (gloves unavailable)
MR       .....                  (boots unavailable)
Stlth    ++........             (no amulet)
HPRegen  0.04/turn              (no ring)
MPRegen  0.10/turn              (no ring)

@: very quick
A: very small, unfitting armour, see invisible, herbivore, speed 3, slow
metabolism 2
a: no special abilities


You were on level 1 of the Dungeon.
You were not hungry.

You visited 1 branch of the dungeon, and saw 1 of its levels.

You collected 12 gold pieces.

Inventory:

Hand Weapons
 a - a +0 falchion
 h - a +0 dagger (weapon)
Missiles
 b - 4 throwing nets (quivered)
Armour
 c - a +0 robe (worn)
Scrolls
 e - a scroll of remove curse {unknown}
 i - a scroll of enchant weapon {unknown}
Potions
 d - 2 potions of curing
 g - a potion of might {unknown}
 j - a potion of mutation {unknown}
Comestibles
 f - 3 rations


   Skills:
 - Level 1.0 Fighting
 * Level 0.7(0.8) Short Blades
 - Level 0.1(0.3) Long Blades
   Level 1.3 Polearms
 - Level 2.0 Throwing
 + Level 3.5 Dodging
 * Level 1.5 Stealth
 - Level 2.6 Spellcasting
   Level 1.0 Necromancy


You had 6 spell levels left.
You didn't know any spells.
Your spell library was empty.

Dungeon Overview and Level Annotations

Branches:
Dungeon (1/15)

Altars:


Innate Abilities, Weirdness & Mutations

You are very small and have problems with some larger weapons.
You are too small for most types of armour.
You have supernaturally acute eyesight. (SInv)
You are a herbivore.
You cover ground extremely quickly.
You need to consume almost no food.


Message History

The hobgoblin is heavily wounded.
The hobgoblin barely misses you.
You hit the hobgoblin but do no damage.
The hobgoblin is heavily wounded.
The hobgoblin misses you.
You hit the hobgoblin but do no damage.
The hobgoblin is heavily wounded.
You closely miss the hobgoblin.
The hobgoblin is heavily wounded.
The hobgoblin hits you with a +0 mace.
You start resting.
The hobgoblin is too close now for your liking.
You closely miss the hobgoblin.
The hobgoblin is heavily wounded.
The hobgoblin closely misses you.
You hit the hobgoblin but do no damage.
The hobgoblin is heavily wounded.
The hobgoblin hits you with a +0 mace!
Ouch! That really hurt!
You die...

#.#...# #.##
#...### #... ##.##
#### #.#
##########
###.#####.........
#............####.
#.#.###.#.#..# #.
#g#.# #.#.#..# #.
#@#.# #.#.#..# #.
#.#.# #.#.#..# #.
#.#.# #.#.#..#####
#.#.###..[........
#.#..........#####
#.#######.#..#####
#.# ##>#.......
#.######...#.####.
#............#....


You could see a hobgoblin.

Vanquished Creatures
  A leopard gecko (D:1)
  A ball python (D:1)
  4 bats (D:1)
  A goblin (D:1)
  A frilled lizard (D:1)
  2 rats (D:1)
10 creatures vanquished.

Notes
Turn   | Place    | Note
-------+----------+-------------------------------------------
     0 | D:1      | DrEnzyme the Spriggan Wanderer began the quest for the Orb.
     0 | D:1      | DrEnzyme set off with the following items: a +0 falchion, 4
                  | throwing nets, a +0 robe, a potion of curing, a ration
     0 | D:1      | Reached XP level 1. HP: 10/10 MP: 5/5
   343 | D:1      | Reached skill level 1 in Stealth
   520 | D:1      | Reached XP level 2. HP: 14/14 MP: 6/6
   843 | D:1      | Slain by a hobgoblin

Levels and vault maps discovered:
D:1:      dpeg_arrival_oval, layout_loops_ring, minmay_split_cup_small

Skill      XL: |  1 |
---------------+----+-----
Stealth        | 1 |  1.5
Fighting       | |  1.0
Short Blades   | |  0.7
Long Blades    | |  0.1
Polearms       | |  1.3
Throwing       | |  2.0
Dodging        | |  3.5
Spellcasting   | |  2.6
Necromancy     | |  1.0

Action                   || total
-------------------------++-------
Melee: Dagger            ||    66
       Falchion          ||     9
Armor: Robe              ||    23
Dodge: Dodged            ||    70
       Rpst.: Falchion   ||     1

Table legend:
 A = Non-vault XP
 B = Vault XP
 C = Vault XP percentage of total XP
 D = Non-vault monster count
 E = Vault monster count
 F = Vault count percentage of total count
                 A         B        C        D         E       F
            +---------+---------+-------+---------+---------+-------
      Total |      16 |       0 |   0.0 |      10 |       0 |   0.0
            +---------+---------+-------+---------+---------+-------
        D:1 |      16 |       0 |   0.0 |      10 |       0 |   0.0
            +---------+---------+-------+---------+---------+-------
